 Dungeon Crawl Stone Soup version 0.31.0-12-g77e489cdc1 (webtiles) character file.

Game seed: 8998512430967600932

187 EonDragon20 the Digger (level 5, -3/28 HPs)
             Began as a Gargoyle Earth Elementalist on Feb 17, 2024.
             Was an Initiate of Vehumet.
             Slain by Blork the orc
             ... wielding a +5 hand axe of venom
              (6 damage)
             ... on level 4 of the Dungeon.
             The game lasted 00:07:07 (3350 turns).

EonDragon20 the Digger (GrEE)                       Turns: 3350, Time: 00:07:07

Health: -3/28      AC:  6    Str: 16    XL:     5   Next: 66%
Magic:  5/8        EV: 11    Int: 17    God:    Vehumet [......]
Gold:   196        SH:  0    Dex: 10    Spells: 4/8 levels left

rFire   . . .        f - +8 mace of Axkuygoale {protect, Str+4}
rCold   . . .        (no shield)
rNeg    + . .        a - +0 robe
rPois   ∞            (no helmet)
rElec   +            (no cloak)
rCorr   .            (no gloves)
SInv    .            (no boots)
Will    .....        (no amulet)
Stlth   ++           (no ring)
HPRegen 0.24/turn    (no ring)
MPRegen 0.11/turn

%: no passive effects
@: no status effects
A: sickness immunity, AC +4, negative energy resistance 1, electricity
resistance, torment resistance 1, petrification resistance
a: Renounce Religion


You were on level 4 of the Dungeon.
You worshipped Vehumet.
Vehumet was noncommittal.
You visited 1 branch of the dungeon, and saw 4 of its levels.

You collected 196 gold pieces.

Inventory:

Hand Weapons
 f - the +8 mace of Axkuygoale (weapon) {protect, Str+4}
   (You found it on level 3 of the Dungeon)

   Str+4:     It affects your strength (+4).
Armour
 a - a +0 robe (worn)
Wands
 l - a wand of flame (18)
Scrolls
 c - a scroll of revelation {unknown}
 i - a scroll of vulnerability {unknown}
 j - a scroll of identify
Potions
 b - a potion of magic
 d - 3 potions of curing
 e - a potion of brilliance
 g - 2 potions of lignification
 h - 2 potions of enlightenment
 k - a potion of mutation {unknown}
 m - a potion of ambrosia {unknown}
 n - a potion of heal wounds {unknown}


   Skills:
 * Level 1.7 Maces & Flails
 - Level 1.5 Dodging
 - Level 2.1 Stealth
 - Level 2.0 Spellcasting
 - Level 3.0 Conjurations
 - Level 6.2 Earth Magic


You had 4 spell levels left.
You knew the following spells:

 Your Spells              Type           Power      Damage    Failure   Level
a - Sandblast             Erth           44%        2d11      1%          1
b - Stone Arrow           Conj/Erth      34%        3d9       9%          3

Your spell library contained the following spells:

 Spells                   Type           Power      Damage    Failure   Level
 Passwall                 Erth           22%        N/A       4%          3
 Apportation              Tloc           2%         N/A       19%         1
 Slow                     Hex            4%         N/A       19%         1
 Summon Small Mammal      Summ           4%         N/A       19%         1
 Jinxbite                 Hex            2%         N/A       28%         2
 Brom's Barrelling Bould  Conj/Erth      17%        2d4       28%         4
 Petrify                  Alch/Erth      12%        N/A       47%         4
 Call Canine Familiar     Summ           1%         N/A       50%         3
 Confusing Touch          Hex            1%         N/A       50%         3
 Sigil of Binding         Hex            1%         N/A       50%         3
 Vampiric Draining        Necr           1%         2d6       50%         3
 Summon Blazeheart Golem  Fire/Summ      1%         N/A       88%         4
 Alistair's Intoxication  Alch           0%         N/A       99%         5


Dungeon Overview and Level Annotations

Branches:
Dungeon (4/15)
 Temple: D:4-7

Altars:
Sif Muna
Vehumet

Shops:
D:3 :

Annotations:
D:4 1 runed translucent door, Blork the orc


Innate Abilities, Weirdness & Mutations

You are immune to sickness and miasma.
Your stone body is resilient. (AC +4)
You are immune to poison.
You resist negative energy. (rN+)
You are resistant to electric shocks. (rElec)
You are resistant to unholy torment.
You are immune to petrification.


Message History

An orc priest comes into view.
It is wielding a +1 short sword of electrocution.
Casting: Sandblast (safe; 1% risk of failure)
Confirm with . or Enter, or press ? or * to list all spells.
Okay, then.
Blork the orc mumbles some strange words.
Blork the orc seems to speed up.
Blork the orc casts a spell at you. The puff of flame misses you.
Blork the orc casts a spell at you. The magic dart hits you!
Blork the orc points at you and mumbles some strange words.
The puff of frost misses you.
You barely miss Blork the orc.
Blork the orc is lightly wounded.
Blork the orc hits you with a +5 hand axe of venom!
Blork the orc barely misses you.
The orc priest looks braver for a moment.
Blork the orc hits you with a +5 hand axe of venom!
* * * LOW HITPOINT WARNING * * *
Casting: Sandblast (safe; 1% risk of failure)
Confirm with . or Enter, or press ? or * to list all spells.
Aiming: Sandblast (safe; 1% risk of failure)
Press: ? - help, Shift-Dir - straight line, f/p - Blork the orc
Aim: Blork the orc, wielding a +5 hand axe of venom and wearing a +0 robe (lightly wounded, fast, 85% to hit)
Okay, then.
Casting: Sandblast (safe; 1% risk of failure)
Confirm with . or Enter, or press ? or * to list all spells.
Okay, then.
Casting: Stone Arrow (quite dangerous; 9% risk of failure)
Confirm with . or Enter, or press ? or * to list all spells.
Aiming: Stone Arrow (quite dangerous; 9% risk of failure)
Press: ? - help, Shift-Dir - straight line, f/p - Blork the orc
Aim: Blork the orc, wielding a +5 hand axe of venom and wearing a +0 robe (lightly wounded, fast, 72% to hit)
The stone arrow hits Blork the orc!
Blork the orc is heavily wounded.
Blork the orc points at you and mumbles some strange words.
The magic dart hits you.
* * * LOW HITPOINT WARNING * * *
Blork the orc hits you with a +5 hand axe of venom.
You die...

.. .. ........... . #. ..........
. #.. #>........ . .
#...#......... #..#.## ..#
##...#.....#... # ....# #.#
###.......# .. ###...#### #.#
SS+.......## #. ..##.....#
#.########.#......# #.
.....##..###...#@##.........####.
...#..#........#o...........###..
...#.....o..................#....
............W....###.............
.....##..........# ##.........##.
.....##.......)..# #..........##
#..######........## ##..#####..##
#### #######....# ##..#####....
##.........####....#.#.....


You could see Blork the orc (fast).

Vanquished Creatures
  Ijyb (D:3)
  2 orc wizards (D:3)
  5 adders
  2 ribbon worms (D:2)
  A dart slug (D:3)
  2 orcs
  3 ball pythons
  7 endoplasms
  3 giant cockroaches
  4 goblins
  5 hobgoblins
  5 jackals
  2 quokkas
  7 bats
  4 frilled lizards
  2 kobolds
  3 rats
58 creatures vanquished.

Notes
Turn   | Place    | Note
-------+----------+-------------------------------------------
     0 | D:1      | EonDragon20 the Gargoyle Earth Elementalist began the quest
                  | for the Orb.
     0 | D:1      | Reached XP level 1. HP: 10/10 MP: 3/3
    61 | D:1      | Reached skill level 4 in Earth Magic
   183 | D:1      | Reached XP level 2. HP: 15/15 MP: 3/5
   250 | D:1      | Found a faded altar of an unknown god.
  1185 | D:2      | Reached skill level 5 in Earth Magic
  1185 | D:2      | Reached XP level 3. HP: 15/19 MP: 2/6
  1234 | D:2      | Learned a level 3 spell: Stone Arrow
  1511 | D:2      | Reached XP level 4. HP: 24/24 MP: 4/7
  2290 | D:3      | Found a shimmering blue altar of Sif Muna.
  2305 | D:3      | Reached skill level 6 in Earth Magic
  2305 | D:3      | Reached XP level 5. HP: 14/28 MP: 1/8
  2538 | D:3      | Identified the +8 mace of Axkuygoale {protect, Str+4}
  2551 | D:3      | Found Culeujoe's Book Shoppe.
  2721 | D:3      | Noticed Ijyb
  3003 | D:3      | Killed Ijyb
  3004 | D:3      | Reached skill level 1 in Maces & Flails
  3236 | D:4      | Found a runed translucent door.
  3280 | D:4      | Found a radiant altar of Vehumet.
  3288 | D:4      | Became a worshipper of Vehumet
  3327 | D:4      | Noticed Blork the orc
  3330 | D:4      | Noticed a phantom
  3350 | D:4      | Slain by Blork the orc

Illustrated notes

Levels and vault maps discovered:
D:1:      dpeg_arrival_ternary, layout_basic, nicolae_ecumenical_lake_church
D:2:      layout_basic, chequers_serial_rivers_marsh, corexii_hall_statues_t
D:3:      layout_basic, kennysheep_orc_sif_temple, serial_shops,
          nicolae_shop_stone, uniq_ijyb
D:4:      layout_cave_pools, nicolae_vehumet_radiance, ebering_ghost_sewer_d,
          uniq_blork_the_orc

Skill      XL: |  1  2  3  4  5 |
---------------+----------------+-----
Earth Magic    | 4 5 6 |  6.2
Conjurations   | 2 3 |  3.0
Maces & Flails | 1 |  1.7
Dodging        | |  1.5
Stealth        | |  2.1
Spellcasting   | |  2.0

Action                     |  1- 3 |  4- 6 || total
---------------------------+-------+-------++-------
  Melee: Mace              |       |    13 ||    13
   Cast: Sandblast         |    46 |    33 ||    79
         Stone Arrow       |       |     2 ||     2
    Use: Scroll            |     4 |     3 ||     7
 Armour: Robe              |     8 |    25 ||    33
  Dodge: Dodged            |     5 |    20 ||    25
